 Dungeon Crawl Stone Soup version 0.18.1-47-g9310371 (webtiles) character file.

162 protoss039 the Covered (level 5, -7/47 HPs)
             Began as a Minotaur Fighter on June 17, 2016.
             Killed by nerve-wracking pain
             ... invoked by an orc priest
              (8 damage)
             ... on level 3 of the Dungeon.
             The game lasted 00:05:18 (1693 turns).

protoss039 the Covered (Minotaur Fighter)           Turns: 1693, Time: 00:05:19

Health: -7/47      AC: 11    Str: 19 (21) XL:     5   Next: 19%
Magic:  4/4        EV: 10    Int:  3 (5)  God:
Gold:   148        SH: 10    Dex: 12 (15) Spells: 0 memorised, 4 levels left

rFire  . . .     SeeInvis .     a - +0 war axe
rCold  . . .     Gourm    .     o - +0 chain mail
rNeg   . . .     Faith    .     c - +0 shield
rPois  .         Spirit   .     (helmet restricted)
rElec  .         Dismiss  .     (no cloak)
rCorr  .         Reflect  .     t - +0 pair of gloves
SustAt .         Harm     .     (no boots)
MR     .....                    (no amulet)
Stlth  ..........               (no ring)
                                (no ring)

@: agile, not resistant to hostile enchantments, extremely unstealthy
A: retaliatory headbutt, horns 2
a: no special abilities


You were on level 3 of the Dungeon.
You were not hungry.

You visited 1 branch of the dungeon, and saw 3 of its levels.

You collected 148 gold pieces.

Inventory:

Hand Weapons
 a - a +0 war axe (weapon)
Armour
 c - a +0 shield (worn)
 o - a +0 chain mail (worn)
 t - a +0 pair of gloves (worn)
Scrolls
 l - a scroll of remove curse
 p - a scroll of fog {unknown}
 q - a scroll of noise {unknown}
Potions
 d - a potion of might
 e - 4 potions of resistance {unknown}
 h - a potion of agility
 i - a potion of flight {unknown}
 j - 2 potions of heal wounds {unknown}
 k - 2 potions of brilliance {unknown}
 s - a potion of cancellation {unknown}
Comestibles
 f - 4 bread rations
 g - 5 chunks of flesh
 n - a beef jerky
 r - 4 meat rations


   Skills:
 + Level 4.4 Fighting
 + Level 3.4 Axes
 + Level 5.0 Armour
 + Level 5.0 Shields


You had 4 spell levels left.
You didn't know any spells.

Dungeon Overview and Level Annotations

Branches:
Dungeon (3/15)

Altars:
Ashenzari
Cheibriados
Trog


Innate Abilities, Weirdness & Mutations

You reflexively headbutt those who attack you in melee.
You have a pair of horns on your head.


Message History

There was something very wrong with that liquid.
You feel weakened.
You feel dopey.
You feel clumsy. The orc priest barely misses you.
Your shield and chain mail prevent you from hitting the orc priest.
Your headbutt misses the orc priest.
The orc priest is heavily wounded.
You block the orc priest's attack.
You closely miss the orc priest. Your headbutt misses the orc priest.
The orc priest is heavily wounded.
The orc priest mumbles some strange prayers to Beogh against you.
Beogh smites you!
* * * LOW HITPOINT WARNING * * *
Unknown command.
Unknown command.
Drink which item? (? for menu, Esc to quit)
It was a potion of agility.
You feel agile all of a sudden.
The orc priest calls down the wrath of Beogh upon you.
Pain shoots through your body!
You die...

#........#.# #....# #....
#.########.# #....###....
#.# #.# ........... #.# #.#
#......#### #.#
######.######......## #.#
#......##...)........ #.#
#.........###......##
##.###....รท###.###########
#..........@ooo..........
######.[...###.#.......#
#.....# #.#.......# #.....#
#.#.......# #.....#
#)'...[...+ #.....#
###.......# #.....#
#.......# #.....# #.......#
####### #..oo...#


You could see an orc priest and 2 orcs.

Vanquished Creatures
  An orc priest (D:3)
  3 adders
  A worm (D:2)
  3 dart slugs (D:1)
  2 giant geckos
  5 orcs (D:3)
  8 bats
  2 giant cockroaches (D:1)
  5 goblins
  10 hobgoblins
  6 jackals (D:3)
  4 giant newts
  8 kobolds
  7 rats
65 creatures vanquished.

Vanquished Creatures (others)
  An orc wizard (D:3)
1 creature vanquished.

Grand Total: 66 creatures vanquished

Notes
Turn   | Place    | Note
--------------------------------------------------------------
     0 | D:1      | protoss039 the Minotaur Fighter began the quest for the Orb.
     0 | D:1      | Reached XP level 1. HP: 19/19 MP: 0/0
   251 | D:1      | Reached XP level 2. HP: 26/27 MP: 1/1
   457 | D:1      | Reached XP level 3. HP: 30/33 MP: 2/2
   739 | D:2      | Found a bloodstained altar of Trog.
   961 | D:2      | Found a shattered altar of Ashenzari.
  1285 | D:3      | Reached XP level 4. HP: 40/40 MP: 3/3
  1286 | D:3      | Found a snail-covered altar of Cheibriados.
  1581 | D:3      | Reached skill level 5 in Armour
  1581 | D:3      | Reached skill level 5 in Shields
  1581 | D:3      | Reached XP level 5. HP: 12/47 MP: 4/4
  1692 | D:3      | HP: 1/47 [orc priest/divine providence (13)]
  1693 | D:3      | Killed from afar by an orc priest

Skill      XL: |  1  2  3  4 |
---------------+-------------+-----
Shields        | 4 5 |  5.0
Armour         | 4 5 |  5.0
Fighting       | 4 |  4.4
Axes           | 3 |  3.4

Action                   |  1- 3 |  4- 6 || total
-------------------------+-------+-------++-------
Melee: War axe           |   100 |    57 ||   157
       Headbutt          |    15 |    11 ||    26
  Use: Scroll            |     3 |       ||     3
       Potion            |       |     2 ||     2
  Eat: Chunk             |     1 |     2 ||     3
Armor: Scale mail        |    32 |       ||    32
       Chain mail        |    22 |    28 ||    50
Dodge: Dodged            |    28 |    12 ||    40
Block: Shield            |    57 |    21 ||    78
